 Dungeon Crawl Stone Soup version 0.30.0-10-gfe55d96785 (webtiles) character file.

Game seed: 17153559981107594045

65 dolemite99 the Slasher (level 3, 0/29 HPs)
             Began as a Demonspawn Monk on May 16, 2023.
             Slain by a gnoll
             ... wielding a +1 spear of venom
              (7 damage)
             ... on level 3 of the Dungeon.
             The game lasted 00:03:10 (2235 turns).

dolemite99 the Slasher (Demonspawn Monk)            Turns: 2235, Time: 00:03:10

Health: 0/29       AC:  5    Str: 11    XL:     3   Next: 92%
Magic:  3/3        EV: 11    Int: 16    God:
Gold:   166        SH:  0    Dex: 17    Spells: 2/2 levels left

rFire   . . .        q - +1 falchion of the Eggplant {pain, Int+5}
rCold   . . .        d - orb {light}
rNeg    . . .        r - +0 ring mail
rPois   .            (helmet restricted)
rElec   .            (no cloak)
rCorr   .            (no gloves)
SInv    .            (no boots)
Will    .....        (no amulet)
Stlth   +            (no ring)
HPRegen 0.24/turn    (no ring)
MPRegen 0.08/turn

%: no passive effects
@: glowing
A: horns 1
a: no special abilities


You were on level 3 of the Dungeon.
You visited 1 branch of the dungeon, and saw 3 of its levels.

You collected 166 gold pieces.

Inventory:

Hand Weapons
 a - a +1 falchion
 b - a +0 sling
 i - a +0 rapier
 q - the +1 falchion of the Eggplant (weapon) {pain, Int+5}
   (You found it on level 3 of the Dungeon)

   Int:       It affects your intelligence (+5).
Missiles
 k - a throwing net
 l - 12 poisoned darts
Armour
 d - an orb of light (worn)
 f - a +0 robe
 r - a +0 ring mail (worn)
Jewellery
 n - a +4 ring of slaying
 o - a ring of ice
Potions
 c - a potion of ambrosia
 e - a potion of attraction {unknown}
 j - a potion of brilliance {unknown}
 m - a potion of might {unknown}
 p - a potion of berserk rage {unknown}


   Skills:
 - Level 3.0 Fighting
 - Level 4.0 Long Blades
 + Level 1.4 Ranged Weapons
 - Level 2.6 Dodging


You had 2 spell levels left.
You didn't know any spells.
Your spell library was empty.

Dungeon Overview and Level Annotations

Branches:
Dungeon (3/15)

Altars:

Shops:
D:1 *   D:2 !


Innate Abilities, Weirdness & Mutations

You have a pair of small horns on your head.


Message History

You hit the kobold.
You kill the kobold!
No target in view!
l - 12 poisoned darts (gained 6)
You see here a +0 club.
No target in view!
No target in view!
There is a large open door here. 2 orcs and a gnoll come into view.
The gnoll is wielding a +1 spear of venom.
The orc shouts! x2; The gnoll shouts!
You hear a shout! x3
An orc comes into view.
It is wielding a +0 morningstar of protection.
A gnoll comes into view.
It is wielding a +4 whip of electrocution.
A gnoll comes into view. It is wielding a +0 club.
An orc priest comes into view. It is wielding a +0 falchion.
The gnoll moves out of view.
A gnoll comes into view. It is wielding a +0 flail.
Found a stone staircase leading down.
The gnoll shouts!
An orc comes into view. It is wielding a +0 hand axe.
The orc shouts! x2
The orc throws a stone.
The stone hits you but does no damage.
The orc moves out of view.
The orc priest looks encouraged for a moment.
The orc priest invokes the aid of Beogh against you.
Beogh smites you! The gnoll attacks as you move away!
The gnoll hits you with a +4 whip of electrocution.
The air fills with toxic fumes!
As you read the scroll labelled OTONOTE KOYCA, it crumbles to dust.
It was a scroll of poison.
The gnoll hits you with a +4 whip of electrocution.
The gnoll misses you.
As you read the scroll labelled RIDIVIRGH GUJO, it crumbles to dust.
It is a scroll of enchant weapon.
Your +0 falchion glows red for a moment.
The gnoll hits you with a +4 whip of electrocution.
* * * LOW HITPOINT WARNING * * *
The gnoll hits you from afar with a +1 spear of venom!
You die...

### #.# ### #.# #.# #.##########
#.# #o.o..gg.§§# #.#
##o########g# ###.#
#.o.§§o§g§§g####### #....
#o.########@§§§§§§######.#.#
######.g# #§##§§§§§.........
.o...o..########§##..§§§#####.#.#
.#####g##......§§§.....§##.......
.o...g.........§§§.......>.......
o##g##.#......§§§§§.#...#..####.#
#.##.#..##''##§§§.....#..##....
#g##.#.##♣..♣##§§§#............
#g##.###♣♣.)♣♣##...............


You could see 3 gnolls and an orc.

Vanquished Creatures
  An adder (D:2)
  A dart slug (D:1)
  An orc (D:3)
  4 ball pythons
  5 bats
  2 endoplasms
  5 giant cockroaches (D:2)
  5 goblins
  6 hobgoblins
  5 jackals
  3 kobolds
  A quokka (D:1)
  2 frilled lizards (D:1)
  5 rats
46 creatures vanquished.

Notes
Turn   | Place    | Note
-------+----------+-------------------------------------------
     0 | D:1      | dolemite99 the Demonspawn Monk began the quest for the Orb.
     0 | D:1      | Reached XP level 1. HP: 18/18 MP: 1/1
    36 | D:1      | Found Akisohir's General Store.
    73 | D:1      | Reached skill level 3 in Long Blades
   144 | D:1      | Gained mutation: You have a pair of small horns on your
                  | head. [demonic ancestry]
   144 | D:1      | Reached XP level 2. HP: 20/24 MP: 2/2
   825 | D:2      | Found Jeurpho's Distillery.
   874 | D:2      | Reached XP level 3. HP: 23/29 MP: 3/3
  1170 | D:2      | Reached skill level 4 in Long Blades
  1915 | D:3      | Reached skill level 1 in Ranged Weapons
  1977 | D:3      | Identified the +1 falchion of the Eggplant {pain, Int+5}
  2235 | D:3      | Slain by a gnoll

Illustrated notes

Levels and vault maps discovered:
D:1:      psy_arrival_whirlpool, layout_basic, serial_shops,
          nicolae_shop_advertising_works [nicolae_subvault_shop_adworks],
          serial_glass, glass_columns_b, glass_columns_a,
          minmay_misc_feat_roman, minmay_misc_feat_x
D:2:      minmay_chambers_of_twos, layout_basic, serial_shops,
          nicolae_shop_rolling_square
D:3:      layout_basic, minmay_crystal_room, kennysheep_generic_room_3

Skill      XL: |  1  2  3 |
---------------+----------+-----
Long Blades    | 3 4 |  4.0
Ranged Weapons | 1 |  1.4
Fighting       | |  3.0
Dodging        | |  2.6

Action                     || total
---------------------------++-------
  Melee: Falchion          ||    61
         Headbutt          ||     9
   Fire: Sling             ||    44
    Use: Scroll            ||     3
 Armour: Robe              ||    10
         Ring mail         ||     3
  Dodge: Dodged            ||    52
